 Dungeon Crawl Stone Soup version 0.29.1-1-gd02db6906a (webtiles) character file.

Game seed: 8585364074737637530

85 xian the Gusty (level 4, -3/30 HPs)
             Began as a Demonspawn Air Elementalist on Sept 30, 2022.
             Slain by a hornet (11 damage)
             ... on level 4 of the Dungeon.
             The game lasted 00:05:06 (2923 turns).

xian the Gusty (Demonspawn Air Elementalist)        Turns: 2923, Time: 00:05:07

Health: -3/30      AC:  6    Str:  8    XL:     4   Next: 25%
Magic:  7/7        EV: 12    Int: 18    God:
Gold:   111        SH:  0    Dex: 14    Spells: 5/8 levels left

rFire   . . .      SeeInvis .   j - +0 dagger
rCold   . . .      Faith    .   (no shield)
rNeg    . . .      Spirit   .   l - +0 leather armour
rPois   .          Reflect  .   (helmet restricted)
rElec   .          Harm     .   (no cloak)
rCorr   .          Rampage  .   (no gloves)
Will    .....                   n - +0 pair of boots
Stlth   ++........              (no amulet)
HPRegen 0.10/turn               (no ring)
MPRegen 0.10/turn               (no ring)

@: slowed, very slow
A: antennae 1, slimy green scales 1, powered by death 1
a: no special abilities


You were on level 4 of the Dungeon.
You visited 1 branch of the dungeon, and saw 5 of its levels.

You collected 111 gold pieces.

Inventory:

Hand Weapons
 j - a +0 dagger (weapon)
Armour
 l - a +0 leather armour (worn)
 m - an orb of wrath
 n - a +0 pair of boots (worn)
Scrolls
 c - 2 scrolls of blinking {unknown}
 e - a scroll of vulnerability {unknown}
 f - a scroll of amnesia {unknown}
 h - a scroll of acquirement {unknown}
 i - 2 scrolls of teleportation {unknown}
 o - 2 scrolls of identify {unknown}
 p - a scroll of magic mapping {unknown}
Potions
 a - a potion of haste {unknown}
 d - a potion of curing
 g - a potion of attraction {unknown}
 k - a potion of brilliance {unknown}


   Skills:
 + Level 0.3 Fighting
 + Level 0.5 Short Blades
 + Level 0.6 Maces & Flails
 + Level 0.8 Armour
 + Level 2.3 Dodging
 + Level 1.8 Stealth
 + Level 0.4 Unarmed Combat
 + Level 2.5 Spellcasting
 + Level 1.2 Conjurations
 + Level 3.2 Air Magic


You had 5 spell levels left.
You knew the following spells:

 Your Spells              Type           Power      Damage    Failure   Level
a - Shock                 Conj/Air       40%        1d5       10%         1
b - Static Discharge      Conj/Air       10%        3-5/arc   14%         2

Your spell library contained the following spells:

 Spells                   Type           Power      Damage    Failure   Level
 Swiftness                Air            13%        N/A       19%         3
 Airstrike                Air            6%         2d(1-17)  54%         4


Dungeon Overview and Level Annotations

Branches:
Dungeon (5/15)
 Temple: D:4-7

Altars:


Innate Abilities, Weirdness & Mutations

You have a pair of small antennae on your head.
You are partially covered in slimy green scales. (AC +2)
You regenerate a little health from kills.


Message History

The hornet closely misses you.
The hornet stings you but does no damage.
Casting: Static Discharge (safe; 14% risk of failure)
Confirm with . or Enter, or press ? or * to list all spells.
The worm is struck by an arc of lightning!
The worm is heavily wounded.
You are struck by an arc of lightning.
The lightning grounds out.
The hornet is struck by an arc of lightning!
The hornet is moderately wounded.
The worm is struck by an arc of lightning.
The worm is severely wounded.
The hornet is struck by an arc of lightning.
The hornet is heavily wounded.
The lightning grounds out.
The hornet closely misses you.
The kobold throws a stone.
The stone misses you.
Okay, then.
Aiming: Shock (safe; 10% risk of failure)
Press: ? - help, Q - select action, (/) - cycle Shift-Dir - straight line, f - hornet
Aim: a hornet (heavily wounded, 52% to hit)
The zap misses the hornet.
The zap hits the ogre.
The ogre is lightly wounded.
The zap hits the phantom.
The phantom is lightly damaged.
The hornet stings you!
* * * LOW HITPOINT WARNING * * *
You feel yourself slow down. The worm bites you but does no damage.
The hornet stings you.
* * * LOW HITPOINT WARNING * * *
You are lethally poisoned!
You feel as though you will be slow longer.
It was a potion of curing.
You feel better. The hornet stings you.
* * * LOW HITPOINT WARNING * * *
You feel as though you will be slow longer.
The kobold throws a stone.
The stone completely misses you.
The stone closely misses the hornet.
The stone hits the ogre but does no damage.
The hornet stings you but does no damage.
The worm misses you. Magic courses through your body. The hornet stings you!
You die...

..........# ..
..........# ...
..........# ....
♣♣♣♣......#.....
..♣♣♣..........
........##.....
.P♣.♣.OW.......
♣♣♣#yw##.....
♣..@## ####
♣..#K# ♣..##.#
♣... #.. ....
.P. ... P♣.. ...
♣ .. P.#


You could see a hornet, an ogre, a phantom, a worm and a kobold.

Vanquished Creatures
  An adder (D:2)
  3 gnolls (D:2)
  3 dart slugs (D:1)
  A ball python (D:2)
  3 bats
  3 endoplasms
  5 goblins
  7 hobgoblins
  2 jackals (D:2)
  3 kobolds
  2 quokkas
  2 frilled lizards
  A rat (D:2)
  A spectral goblin (D:1)
37 creatures vanquished.

Vanquished Creatures (others)
  A plant (D:4)
1 creature vanquished.

Grand Total: 38 creatures vanquished

Notes
Turn   | Place    | Note
-------+----------+-------------------------------------------
     0 | D:1      | xian the Demonspawn Air Elementalist began the quest for
                  | the Orb.
     0 | D:1      | Reached XP level 1. HP: 13/13 MP: 3/3
    75 | D:1      | Found a faded altar of an unknown god.
   267 | D:1      | Reached skill level 3 in Air Magic
   302 | D:1      | Gained mutation: You regenerate a little health from kills.
                  | [demonic ancestry]
   302 | D:1      | Reached XP level 2. HP: 9/19 MP: 0/5
  1625 | D:2      | Learned a level 2 spell: Static Discharge
  1677 | D:2      | Gained mutation: You are partially covered in slimy green
                  | scales. (AC +2) [demonic ancestry]
  1677 | D:2      | Reached XP level 3. HP: 24/24 MP: 1/6
  2208 | D:2      | Gained mutation: You have a pair of small antennae on your
                  | head. [demonic ancestry]
  2208 | D:2      | Reached XP level 4. HP: 20/30 MP: 4/7
  2901 | D:3      | You fall into a shaft and drop 2 floors!
  2901 | D:5      | Entered Level 5 of the Dungeon
  2904 | D:4      | Noticed a phantom
  2904 | D:4      | Noticed an ogre
  2911 | D:4      | Noticed a hornet
  2923 | D:4      | Slain by a hornet

Illustrated notes

Levels and vault maps discovered:
D:1:      dpeg_arrival_simpleton_a, layout_basic,
          dreamdust_ecumenical_altar_drowned_temple, minmay_misc_feat_columns
D:2:      layout_rooms
D:3:      layout_loops_ring, lemuel_round_altar,
          mainiacjoe_overflow_small_starburst
D:4:      layout_rooms, serial_forest, infiniplex_forest_corner_1,
          infiniplex_forest_clump_curved, infiniplex_forest_zigzag_1,
          infiniplex_forest_zigzag_1, infiniplex_forest_join,
          infiniplex_forest_end_double, infiniplex_forest_clump_diagonal,
          enter_ossuary_2
D:5:      minmay_opposing_rooms, layout_basic, temple_hall, uniq_grinder,
          uniq_pikel

Skill      XL: |  1  2 |
---------------+-------+-----
Air Magic      | 3 |  3.2
Dodging        | 2 |  2.3
Fighting       | |  0.3
Short Blades   | |  0.5
Maces & Flails | |  0.6
Armour         | |  0.8
Stealth        | |  1.8
Unarmed Combat | |  0.4
Spellcasting   | |  2.5
Conjurations   | |  1.2

Action                   |  1- 3 |  4- 6 || total
-------------------------+-------+-------++-------
Melee: Unarmed           |    27 |       ||    27
       Whip              |     4 |       ||     4
       Dagger            |    20 |       ||    20
 Cast: Shock             |    60 |     7 ||    67
       Static Discharge  |     2 |     6 ||     8
  Use: Potion            |       |     2 ||     2
Armor: Robe              |    11 |       ||    11
       Leather armour    |    23 |     4 ||    27
Dodge: Dodged            |    44 |    16 ||    60
